 Dungeon Crawl Stone Soup version 0.31-a0-925-g0a390f2509 (webtiles) character file.

Game seed: 3026273005081214227

23 LadyBoffin the Sneak (level 2, -3/13 HPs)
             Began as a Spriggan Enchanter on Oct 18, 2023.
             Frozen to death by an endoplasm (5 damage)
             ... on level 2 of the Dungeon.
             The game lasted 00:04:06 (512 turns).

LadyBoffin the Sneak (Spriggan Enchanter)            Turns: 512, Time: 00:04:06

Health: -3/13      AC:  2    Str:  4    XL:     2   Next: 72%
Magic:  7/7        EV: 17    Int: 16    God:
Gold:   29         SH:  0    Dex: 15    Spells: 7/7 levels left

rFire   . . .        a - +1 dagger
rCold   . . .        (no shield)
rNeg    . . .        b - +0 robe
rPois   .            (helmet restricted)
rElec   .            (no cloak)
rCorr   .            (gloves unavailable)
SInv    +            (boots unavailable)
Will    .....        (no amulet)
Stlth   +++          (no ring)
HPRegen 0.22/turn    (no ring)
MPRegen 0.10/turn

%: no passive effects
@: very quick
A: very small, no large weapons, unfitting armour, see invisible, speed 3
a: no special abilities


You were on level 2 of the Dungeon.
You visited 1 branch of the dungeon, and saw 2 of its levels.

You collected 29 gold pieces.

Inventory:

Hand Weapons
 a - a +1 dagger (weapon)
Armour
 b - a +0 robe (worn)
Jewellery
 f - a +4 ring of protection
Scrolls
 d - a scroll of amnesia
 e - 3 scrolls of teleportation {unknown}
 g - a scroll of identify {unknown}
 h - a scroll of silence {unknown}
 i - a scroll of vulnerability {unknown}
Potions
 c - 2 potions of invisibility


   Skills:
 + Level 0.3 Fighting
 + Level 1.7 Short Blades
 + Level 2.7 Dodging
 + Level 4.8 Stealth
 + Level 3.0 Spellcasting
 + Level 4.0 Hexes


You had 7 spell levels left.
You didn't know any spells.
Your spell library contained the following spells:

 Spells                   Type           Power      Damage    Failure   Level
 Confusing Touch          Hex            15%        N/A       11%         3
 Sigil of Binding         Hex            15%        N/A       11%         3
 Tukima's Dance           Hex            15%        N/A       11%         3
 Ensorcelled Hibernation  Hex/Ice        16%        N/A       12%         2
 Necrotise                Necr           8%         1d4       19%         1
 Dazzling Flash           Conj/Hex       16%        N/A       24%         3
 Call Canine Familiar     Summ           2%         N/A       50%         3
 Vampiric Draining        Necr           2%         2d6       50%         3
 Dimensional Bullseye     Hex/Tloc       4%         N/A       63%         4
 Leda's Liquefaction      Hex/Erth       4%         N/A       63%         4
 Agony                    Necr           2%         N/A       99%         5


Dungeon Overview and Level Annotations

Branches:
Dungeon (2/15)

Altars:


Innate Abilities, Weirdness & Mutations

You are very small and have problems with some larger weapons.
You are too small for most types of armour.
You have supernaturally acute eyesight. (SInv)
You cover ground extremely quickly. (Speed+++)


Message History

The rat completely misses you.
You closely miss the rat. The rat completely misses you.
You hit the rat.
You kill the rat!
There is a stone staircase leading down here.
You see here a rat corpse.
You now have 29 gold pieces (gained 11).
The helpless bat fails to defend itself.
You impale the bat!!
You kill the bat!
You see here a +0 whip.
Done exploring.
Done exploring.
There is a stone staircase leading down here.
You climb downwards.
Found a stone staircase leading down.
There is a stone staircase leading up here.
An adder comes into view.
There is a stone staircase leading down here.
The endoplasm quivers.
The endoplasm barely misses you.
You hit the endoplasm.
The endoplasm is lightly wounded.
You hit the endoplasm.
The endoplasm is heavily wounded.
The endoplasm freezes you.
You are frozen.
You hit the endoplasm but do no damage.
The endoplasm is heavily wounded.
The endoplasm freezes you.
You are frozen.
You hit the endoplasm.
The endoplasm is heavily wounded.
The endoplasm freezes you.
You are frozen.
* * * LOW HITPOINT WARNING * * *
There is a stone staircase leading down here.
The endoplasm freezes you.
You are frozen.
You die...

#.# ######.###
#........#
#........# ##
.#.....<..###...
..............##
.#..............
#........###..
#......@####.#.
+......J.......
#.......#......
#..............
######.S###.#.#
.... ...# ##.##
#.. .. .. #.


You could see an adder (asleep) and an endoplasm.

Vanquished Creatures
  3 dart slugs (D:1)
  A bat (D:1)
  A goblin (D:1)
  A hobgoblin (D:1)
  2 jackals (D:1)
  A kobold (D:1)
  A quokka (D:1)
  A ball python (D:1)
  2 frilled lizards (D:1)
  4 rats (D:1)
17 creatures vanquished.

Notes
Turn   | Place    | Note
-------+----------+-------------------------------------------
     0 | D:1      | LadyBoffin the Spriggan Enchanter began the quest for the
                  | Orb.
     0 | D:1      | Reached XP level 1. HP: 9/9 MP: 5/5
   106 | D:1      | Reached XP level 2. HP: 8/13 MP: 6/6
   512 | D:2      | Frozen to death by an endoplasm

Illustrated notes

Levels and vault maps discovered:
D:1:      amcnicky_arrival_gap_in_the_tavern_cellar, layout_rooms
D:2:      layout_basic

Skill      XL: |  1  2 |
---------------+-------+-----
Hexes          | 4 |  4.0
Spellcasting   | 3 |  3.0
Fighting       | |  0.3
Short Blades   | |  1.7
Dodging        | |  2.7
Stealth        | |  4.8

Action                     || total
---------------------------++-------
  Melee: Dagger            ||    50
    Use: Scroll            ||     1
   Stab: Sleeping          ||     4
 Armour: Robe              ||    14
  Dodge: Dodged            ||    26

Table legend: (Time is in decaauts)
 A = Elapsed time spent in this place.
 B = Non-inter-level travel time spent in this place.
 C = Inter-level travel time spent in this place.
 D = Time resting spent in this place.
 E = Time spent auto-exploring this place.
 F = Levels seen in this place.
 G = Mean time per level.
                   A        B        C        D        E       F      G
               +--------+--------+--------+--------+--------+-----+--------+
         Total |    347 |    271 |     76 |     27 |     99 |   2 |  173.5 |
       Dungeon |    347 |    271 |     76 |     27 |     99 |   2 |  173.5 |
               +--------+--------+--------+--------+--------+-----+--------+

Top non-repeatable levels by time:
     D:1: 338 daAuts
     D:2: 8 daAuts
